 Dungeon Crawl Stone Soup version 0.21-a0-440-g28109cb (webtiles) character file.

452 slep the Slasher (level 7, -3/61 HPs)
             Began as a Hill Orc Monk on Nov 11, 2017.
             Was a Believer of Qazlal.
             Killed from afar by an orc wizard (6 damage)
             ... with a magic dart
             ... on level 4 of the Dungeon.
             The game lasted 00:13:15 (2328 turns).

slep the Slasher (Hill Orc Monk)                    Turns: 2328, Time: 00:13:16

Health: -3/61      AC:  5    Str: 15    XL:     7   Next: 5%
Magic:  7/7        EV: 12    Int: 10    God:    Qazlal [**....]
Gold:   172        SH:  3    Dex: 14    Spells: 6/6 levels left

rFire    . . .     SeeInvis .   a - +0 falchion
rCold    . . .     Gourm    .   (no shield)
rNeg     . . .     Faith    .   n - +0 ring mail (curse)
rPois    .         Spirit   .   (no helmet)
rElec    .         Reflect  .   (no cloak)
rCorr    .         Harm     .   (no gloves)
MR       .....                  (no boots)
Stlth    +.........             (no amulet)
HPRegen  0.20/turn              (no ring)
MPRegen  0.10/turn              (no ring)

@: no status effects
A: no striking features
a: Upheaval, Renounce Religion


You were on level 4 of the Dungeon.
You worshipped Qazlal.
Qazlal was pleased with you.
You were not hungry.

You visited 1 branch of the dungeon, and saw 4 of its levels.

You collected 172 gold pieces.

Inventory:

Hand Weapons
 a - a +0 falchion (weapon)
Armour
 b - a +0 robe
 h - a +0 ring mail
 n - a cursed +0 ring mail (worn)
Jewellery
 p - an uncursed ring of stealth
Scrolls
 d - 2 scrolls of fog {unknown}
 e - 6 scrolls of identify {unknown}
 f - 4 scrolls of remove curse {unknown}
 i - a scroll of blinking {unknown}
 j - 3 scrolls of teleportation {unknown}
 k - a scroll of amnesia {unknown}
 r - a scroll of enchant weapon {unknown}
Potions
 g - a potion of curing {unknown}
 m - a potion of berserk rage {unknown}
 q - a potion of agility {unknown}
Comestibles
 c - 2 bread rations
 l - a royal jelly
 o - 2 meat rations
 s - a chunk of flesh


   Skills:
 + Level 5.1 Fighting
 + Level 6.4 Long Blades
 + Level 2.4 Armour
 + Level 3.3 Dodging
 + Level 2.0 Stealth


You had 6 spell levels left.
You didn't know any spells.

Dungeon Overview and Level Annotations

Branches:
Dungeon (4/15)             Temple (0/1) D:4

Altars:
Qazlal
Ru


Message History

The orc wizard gestures at you while chanting.
The magic dart hits you!
* * * LOW HITPOINT WARNING * * *
You hit the orc wizard but do no damage.
The orc wizard is almost dead.
The orc wizard gestures at you while chanting.
The magic dart hits you!
* * * LOW HITPOINT WARNING * * *
The orc wizard mumbles some strange words.
The orc wizard blinks!
The orc wizard mumbles some strange words.
The orc wizard blinks!
Some of the chunks of flesh in your inventory have rotted away.
You found a teleport trap!
The orc wizard casts a spell at you. The magic dart hits you!
* * * LOW HITPOINT WARNING * * *
The orc wizard casts a spell at you. The magic dart hits you!
You die...

## ##### ......
#.##...# .#
............
#.##.#.# .#
...........#
#....#.# .##
..........#
#######.# ..####
.....o...#
#.......# .......
##.##.##.##
#.####### .......
..#.........####.#
#.......
#.....§...?..)...#
.......
#..⌠.@.⌠.?######
.......
#.%..§....#....#
.......
.......>......#
##+##
..#..^......#+# .
#..⌠...⌠..#
.............
..#.........#..
..##.##.##.##+##
.. .. #..


You could see an orc wizard.

Vanquished Creatures
  An ogre (D:3)
  A scorpion (D:4)
  A bullfrog skeleton (D:4)
  An orc wizard (D:3)
  2 orc priests (D:4)
  A worker ant (D:4)
  8 adders
  A worm (D:2)
  4 dart slugs
  5 leopard geckos
  9 orcs
  5 ball pythons (D:2)
  4 giant cockroaches
  9 goblins
  10 hobgoblins
  3 jackals (D:2)
  5 kobolds
  2 quokkas (D:4)
  3 bats (D:1)
  8 frilled lizards
  7 rats
90 creatures vanquished.

Notes
Turn   | Place    | Note
-------+----------+-------------------------------------------
     0 | D:1      | slep the Hill Orc Monk began the quest for the Orb.
     0 | D:1      | Reached XP level 1. HP: 19/19 MP: 1/1
     4 | D:1      | Noticed a gargoyle
     7 | D:1      | Noticed a ghoul
    10 | D:1      | Noticed a minotaur zombie
    14 | D:1      | Noticed a draconian
    14 | D:1      | Noticed a spriggan
    16 | D:1      | Noticed an elf
   135 | D:1      | Reached XP level 2. HP: 24/27 MP: 2/2
   226 | D:1      | Reached XP level 3. HP: 13/33 MP: 3/3
   302 | D:1      | Reached skill level 4 in Long Blades
   707 | D:2      | Reached XP level 4. HP: 34/40 MP: 4/4
  1064 | D:2      | Reached XP level 5. HP: 45/47 MP: 5/5
  1095 | D:2      | Reached skill level 1 in Armour
  1152 | D:2      | Found a stormy altar of Qazlal.
  1153 | D:2      | Noticed a fire elemental
  1153 | D:2      | Noticed an air elemental
  1153 | D:2      | Noticed a water elemental
  1158 | D:2      | Became a worshipper of Qazlal Stormbringer
  1158 | D:2      | Reached * piety under Qazlal
  1158 | D:2      | Reached ** piety under Qazlal
  1225 | D:3      | Reached skill level 5 in Long Blades
  1872 | D:4      | Reached XP level 6. HP: 40/53 MP: 6/6
  1880 | D:4      | Found a sacrificial altar of Ru.
  2110 | D:4      | Reached skill level 6 in Long Blades
  2141 | D:4      | Reached skill level 5 in Fighting
  2292 | D:4      | Found a staircase to the Ecumenical Temple.
  2314 | D:4      | Reached XP level 7. HP: 31/61 MP: 7/7
  2327 | D:4      | HP: 2/61 [orc wizard/magic dart (6)]
  2328 | D:4      | Killed from afar by an orc wizard

Vault maps used:
D:1:      shiori_arrival_whats_in_store_for_you, minmay_pentomino_t2
D:2:      nicolae_qazlal_style_of_elements, minmay_shallow_snake_nest
D:3:      minmay_misc_feat_cross
D:4:      nicolae_ru_awakened_eye, minmay_temple_entry_large_hall, serial_shops,
          shop_statue, abandoned_shop

Skill      XL: |  1  2  3  4  5  6 |
---------------+-------------------+-----
Fighting       | 4 5 |  5.1
Long Blades    | 4 5 6 |  6.4
Dodging        | 3 |  3.3
Armour         | 1 2 |  2.4
Stealth        | 2 |  2.0

Action                   |  1- 3 |  4- 6 |  7- 9 || total
-------------------------+-------+-------+-------++-------
Melee: Falchion          |    97 |   240 |     5 ||   342
 Stab: Sleeping          |     1 |       |       ||     1
       Distracted        |       |     1 |       ||     1
  Eat: Chunk             |       |     5 |       ||     5
Armor: Robe              |     6 |       |       ||     6
       Ring mail         |    13 |    81 |       ||    94
Dodge: Dodged            |    61 |   141 |       ||   202
Block: Other             |       |    19 |     1 ||    20
       Rpst.: Falchion   |    18 |    39 |       ||    57

Table legend:
 A = Spawn XP
 B = Non-spawn XP
 C = Spawn XP percentage of total XP
 D = Spawn monster count
 E = Non-spawn monster count
 F = Spawn count percentage of total count
 G = Total turns spent on level
                    A         B        C        D         E        F      G
               +---------+---------+-------+---------+---------+-------+---------
         Total |       0 |     647 |   0.0 |       0 |      90 |   0.0 |  2328
               +---------+---------+-------+---------+---------+-------+---------
           D:1 |       0 |      51 |   0.0 |       0 |      27 |   0.0 |   599
           D:2 |       0 |     126 |   0.0 |       0 |      27 |   0.0 |   616
           D:3 |       0 |     197 |   0.0 |       0 |      18 |   0.0 |   751
           D:4 |       0 |     273 |   0.0 |       0 |      18 |   0.0 |   362
               +---------+---------+-------+---------+---------+-------+---------
